 Dungeon Crawl Stone Soup version 0.17.0-24-gcfadda4 (webtiles) character file.

1568 Ivanskos the Skirmisher (level 8, -1/46 HPs)
             Began as a Vine Stalker Monk on Nov 17, 2015.
             Was an Elder of Nemelex Xobeh.
             Slain by a vampire mosquito (8 damage)
             ... summoned by the player character
             ... on level 7 of the Dungeon.
             The game lasted 00:30:23 (4018 turns).

Ivanskos the Skirmisher (Vine Stalker Monk)         Turns: 4018, Time: 00:30:23

Health: -1/46      AC:  4    Str: 20    XL:     8   Next: 90%
Magic:  0/9        EV: 16    Int: 10    God:    Nemelex Xobeh [****..]
Gold:   347        SH:  0    Dex: 18    Spells: 0 memorised, 7 levels left

rFire  . . .     SeeInvis .       - Unarmed
rCold  . . .     Clarity  .     a - +0 robe
rNeg   . . .     SustAt   .     (no shield)
rPois  .         Gourm    +     (no helmet)
rElec  .         Spirit   +     q - +1 cloak
rCorr  .         Warding  .     (no gloves)
rMut   .         Stasis   .     (no boots)
MR     +....                    s - amulet of the gourmand
Stlth  ++........               (no ring)
                                (no ring)

@: mighty, lethally poisoned (-1 -> -1), somewhat resistant to hostile
enchantments, unstealthy
A: fangs 3, regeneration 2, magic shield, antimagic bite, no device heal 3, rot
immunity
a: Triple Draw, Deal Four, Renounce Religion


You were on level 7 of the Dungeon.
You worshipped Nemelex Xobeh.
Nemelex Xobeh was greatly pleased with you.
You were not hungry.

You visited 1 branch of the dungeon, and saw 7 of its levels.

You collected 347 gold pieces.

Inventory:

Armour
 a - a +0 robe (worn)
 q - a +1 cloak (worn)
 A - a +0 robe of fire resistance
Jewellery
 s - an amulet of the gourmand (around neck)
Wands
 x - a wand of draining (7)
Scrolls
 e - a scroll of fear {unknown}
 g - 3 scrolls of identify {unknown}
 j - 2 scrolls of noise {unknown}
 k - 7 scrolls of remove curse {unknown}
 o - 2 scrolls of enchant weapon {unknown}
 t - 4 scrolls of teleportation {unknown}
 y - a scroll of amnesia {unknown}
 D - a scroll of immolation {unknown}
 H - a scroll of recharging {unknown}
Potions
 d - a potion of lignification {unknown}
 f - a potion of cancellation {unknown}
 i - 2 potions of ambrosia {unknown}
 l - 2 potions of curing {unknown}
 m - a potion of invisibility {unknown}
 n - 2 potions of resistance {unknown}
 r - a potion of flight {unknown}
 u - a potion of poison {unknown}
 z - 3 potions of cure mutation {unknown}
 E - a potion of mutation {unknown}
Miscellaneous
 v - a plain deck of destruction {drawn: 2}
 w - a plain deck of destruction
 B - a legendary deck of war {drawn: 1}
 C - a plain deck of war {drawn: 3}
 G - a plain deck of war
Comestibles
 b - 4 bread rations
 h - 3 slices of pizza
 p - 2 meat rations
 F - 5 fruits
 I - a royal jelly


   Skills:
 * Level 7.3 Fighting
 + Level 5.3 Dodging
 - Level 2.4 Stealth
 + Level 6.8 Unarmed Combat


You had 7 spell levels left.
You didn't know any spells.

Dungeon Overview and Level Annotations

Branches:
Dungeon (7/15)             Temple (0/1) D:6

Altars:
Cheibriados
Elyvilon
Kikubaaqudgha
Nemelex Xobeh
Ru
Yredelemnul
Zin

Shops:
D:7 *

Annotations:
D:7 nubinia's ghost, novice DEAE


Innate Abilities, Weirdness & Mutations

You have razor-sharp teeth.
You heal very quickly.
When hurt, damage is shared between your health and your magic reserves.
Your bite disrupts and absorbs the magic of your enemies.
Potions and wands cannot restore your health.
You are immune to rotting.


Message History

The vampire mosquito is struck by lightning.
The lightning arcs!
The vampire mosquito is struck by lightning.
The lightning arcs!
The vampire mosquito bites you!
* * * LOW HITPOINT WARNING * * *
The vampire mosquito draws strength from your injuries!
Your vampire mosquito bites the insubstantial wisp!
Nubinia's ghost (novice Deep Elf Air Elementalist) comes into view.
It is wielding a weapon of freezing.
You feel a craving for the dungeon's cuisine.
s - an amulet of the gourmand (around neck)
The vampire mosquito misses you.
Your vampire mosquito bites the insubstantial wisp.
The insubstantial wisp blinks!
Your insubstantial wisp misses the vampire mosquito.
It was a potion of might.
You feel very mighty all of a sudden.
You feel sick. The vampire mosquito barely misses you.
The vampire mosquito barely misses you. The vampire mosquito bites you!
You die...
Your body glows slightly and disappears.

#######.#.##..##.##
###)#.##.......
#........#####.
#.###..### #. #.###..#
#. ##########.##...# #.
#.............#.# #.
#.......##.##.#.#######.
#......@##..............
#......yy.vy............
#.v.....#####W##........
#.<..........ยง#
#######. #.............#
#. #############.# #.
... #. %.# #. .##


You could see 2 vampire mosquitoes, an insubstantial wisp, nubinia's ghost, a
friendly vampire mosquito and a friendly insubstantial wisp.

Vanquished Creatures
  A sky beast (D:6)
  An ogre (D:5)
  A slave (D:5)
  2 centaurs
  Dowan (D:7)
  A crimson imp (D:5)
  A centaur zombie (D:5)
  An orc wizard (D:5)
  Ijyb (D:2)
  2 jellies
  3 worker ants
  A hound (D:6)
  Terence (D:2)
  3 iguanas
  6 adders
  2 shadow imps
  An ooze (D:3)
  2 worms
  7 giant geckos
  6 orcs
  A ball python (D:1)
  6 bats
  9 goblins
  11 hobgoblins
  A jackal (D:7)
  2 quokkas
  5 giant cockroaches
  A giant gecko skeleton (D:4)
  6 giant newts
  16 kobolds
  9 rats
111 creatures vanquished.

Vanquished Creatures (collateral kills)
  Pikel (D:5)
  Duvessa (D:7)
  A centaur (D:5)
  An ogre (D:6)
  A giant frog (D:6)
  2 scorpions
  A worm (D:6)
  A quokka skeleton (D:6)
9 creatures vanquished.

Vanquished Creatures (others)
  A hobgoblin (D:3)
  A jackal (D:7)
2 creatures vanquished.

Grand Total: 122 creatures vanquished

Notes
Turn   | Place    | Note
--------------------------------------------------------------
     0 | D:1      | Ivanskos the Vine Stalker Monk began the quest for the Orb.
     0 | D:1      | Reached XP level 1. HP: 11/11 MP: 2/2
   149 | D:1      | Reached XP level 2. HP: 16/16 MP: 3/3
   419 | D:1      | Reached XP level 3. HP: 15/20 MP: 4/4
   650 | D:2      | Found an ancient bone altar of Kikubaaqudgha.
   805 | D:2      | Noticed Ijyb
   840 | D:2      | Killed Ijyb
   840 | D:2      | Reached XP level 4. HP: 8/24 MP: 5/5
  1182 | D:2      | Noticed Terence
  1199 | D:2      | Killed Terence
  1199 | D:2      | Reached XP level 5. HP: 25/29 MP: 6/6
  1475 | D:3      | You fall through a shaft!
  1553 | D:4      | HP: 1/29 [acid (3)]
  1774 | D:4      | Reached skill level 5 in Unarmed Combat
  1774 | D:4      | Gained mutation: You heal very quickly. [Vine Stalker growth]
  1774 | D:4      | Reached XP level 6. HP: 30/33 MP: 7/7
  1860 | D:4      | Found a sparkling altar of Nemelex Xobeh.
  1865 | D:4      | Became a worshipper of Nemelex Xobeh the Trickster
  1865 | D:4      | Received a gift from Nemelex Xobeh
  1865 | D:4      | Reached * piety under Nemelex Xobeh
  1865 | D:4      | Received a gift from Nemelex Xobeh
  1865 | D:4      | Received a gift from Nemelex Xobeh
  1865 | D:4      | Reached ** piety under Nemelex Xobeh
  1971 | D:4      | Noticed a centaur
  1986 | D:4      | Killed a centaur
  2102 | D:3      | Found a snail-covered altar of Cheibriados.
  2104 | D:3      | Found a glowing silver altar of Zin.
  2149 | D:3      | Found a sacrificial altar of Ru.
  2561 | D:5      | Entered Level 5 of the Dungeon
  2656 | D:5      | Noticed Pikel
  2659 | D:5      | Reached skill level 5 in Fighting
  2671 | D:5      | Killed Pikel
  2671 | D:5      | Reached XP level 7. HP: 37/39 MP: 6/8
  2729 | D:5      | Reached skill level 6 in Fighting
  2733 | D:5      | Gained mutation: You have razor-sharp teeth. [Vine Stalker growth]
  2733 | D:5      | Reached XP level 8. HP: 6/44 MP: 1/9
  2877 | D:5      | Received a gift from Nemelex Xobeh
  3177 | D:5      | Found a basalt altar of Yredelemnul.
  3316 | D:6      | Reached *** piety under Nemelex Xobeh
  3325 | D:6      | Reached skill level 5 in Dodging
  3368 | D:6      | Received a gift from Nemelex Xobeh
  3442 | D:6      | Found a white marble altar of Elyvilon.
  3549 | D:6      | Reached skill level 7 in Fighting
  3641 | D:6      | Found a staircase to the Ecumenical Temple.
  3728 | D:6      | Received a gift from Nemelex Xobeh
  3825 | D:7      | Noticed Duvessa
  3825 | D:7      | Noticed Dowan
  3836 | D:7      | Killed Duvessa
  3857 | D:7      | Killed Dowan
  3903 | D:7      | Found Zodghuh's General Store.
  3944 | D:7      | Reached **** piety under Nemelex Xobeh
  3944 | D:7      | Received a gift from Nemelex Xobeh
  4017 | D:7      | Noticed nubinia's ghost (novice DEAE)
  4018 | D:7      | Slain by a vampire mosquito

Action                   |  1- 3 |  4- 6 |  7- 9 || total
-------------------------+-------+-------+-------++-------
Melee: Unarmed           |   123 |   187 |    85 ||   395
Evoke: Deck              |       |     7 |    17 ||    24
  Use: Scroll            |       |     1 |       ||     1
       Potion            |       |       |     1 ||     1
 Stab: Sleeping          |     4 |    13 |     2 ||    19
  Eat: Meat ration       |       |     2 |       ||     2
